[ AOE2 MATCH · #504903248 ]
UnrankedMongols vs Wu
Player's team · LOSS
[ REPLAY ANALYSIS · EXTRACTED FROM THE RECORDED GAME ]
Feudal
8:41
Castle
23:45
Imperial
—
| APM avg | 46.2 |
| APM peak | 89 |
| eAPM avg | 21.3 |
| Villagers / military | 49 / 47 |
Focus
⚔️ 33.6% · 🌾 66.4%
Skirmisher ×14 · Archer ×11 · Monk ×9 · Cavalry Archer ×9 · Militia ×3 · Knight ×1
Feudal
9:19
Castle
22:16
Imperial
—
| APM avg | 48.7 |
| APM peak | 98 |
| eAPM avg | 18.6 |
| Villagers / military | 57 / 17 |
Focus
⚔️ 32.2% · 🌾 67.8%
Unknown (1974) ×20 · Archer ×9 · Militia ×3 · Skirmisher ×3 · Mangonel ×1 · Battering Ram ×1
Match map
Initial resources + every placement click. Lines = walls · curves = elevation contours. ◆ gold · ⬟ stone · ● berries · ✦ relic · ◌ wall gap
Your base· Open — 6t gap
Vmmp11's base· ✓ Closed at 22:16 · 15t walls · 1 gate(s)
Smoothed initial terrain · ◌ = detected wall gap · hover for details
Inputs per minute
— Escalus - - Vmmp11
Build order — Escalus
First 150 of 155 actions detected
| 0:00 | Queue | Villager (Male) |
| 0:00 | Queue | Villager (Male) |
| 0:01 | Build | House |
| 0:02 | Build | House |
| 0:08 | Queue | Villager (Male) |
| 0:23 | Queue | Villager (Male) |
| 1:27 | Queue | Villager (Male) |
| 2:12 | Queue | Villager (Male) |
| 2:12 | Queue | Villager (Male) |
| 2:42 | Build | Lumber Camp |
| 2:43 | Queue | Villager (Male) |
| 2:47 | Queue | Villager (Male) |
| 3:04 | Queue | Villager (Male) |
| 3:10 | Queue | Villager (Male) |
| 3:38 | Queue | Villager (Male) |
| 3:38 | Queue | Villager (Male) |
| 3:55 | Build | House |
| 4:01 | Build | House |
| 4:09 | Queue | Villager (Male) |
| 4:15 | Research | Loom |
| 5:43 | Build | Barracks |
| 6:31 | Research | Feudal Age |
| 6:44 | Queue | Militia |
| 6:51 | Build | Mining Camp |
| 7:06 | Queue | Militia |
| 7:41 | Queue | Villager (Male) |
| 7:59 | Queue | Militia |
| 8:41 | Age | Feudal Age |
| 8:50 | Build | Archery Range |
| 8:53 | Queue | Villager (Male) |
| 9:21 | Queue | Villager (Male) |
| 9:35 | Queue | Villager (Male) |
| 9:37 | Build | House |
| 9:41 | Queue | Archer |
| 9:41 | Queue | Archer |
| 10:01 | Build | Archery Range |
| 10:11 | Queue | Archer |
| 10:30 | Build | Mill |
| 10:34 | Queue | Archer |
| 10:46 | Queue | Archer |
| 10:48 | Queue | Archer |
| 11:03 | Queue | Archer |
| 11:24 | Queue | Villager (Male) |
| 11:40 | Queue | Archer |
| 11:54 | Build | Farm |
| 12:02 | Queue | Archer |
| 12:19 | Queue | Villager (Male) |
| 12:22 | Queue | Archer |
| 12:39 | Build | House |
| 12:40 | Queue | Villager (Male) |
| 12:41 | Queue | Archer |
| 12:51 | Queue | Villager (Male) |
| 12:54 | Build | Farm |
| 13:22 | Queue | Villager (Male) |
| 13:43 | Queue | Villager (Male) |
| 13:52 | Build | Farm |
| 13:56 | Build | Farm |
| 14:05 | Queue | Villager (Male) |
| 14:14 | Build | Watch Tower |
| 14:15 | Queue | Villager (Male) |
| 14:17 | Build | House |
| 14:35 | Build | Farm |
| 14:36 | Queue | Villager (Male) |
| 14:49 | Build | Palisade Wall |
| 14:49 | Build | Palisade Wall |
| 14:50 | Build | Palisade Wall |
| 14:50 | Build | Palisade Wall |
| 14:58 | Queue | Villager (Male) |
| 15:16 | Queue | Villager (Male) |
| 15:25 | Build | Farm |
| 15:42 | Build | House |
| 15:44 | Build | Palisade Wall |
| 15:47 | Build | Palisade Wall |
| 15:49 | Build | Palisade Wall |
| 15:50 | Queue | Villager (Male) |
| 15:55 | Queue | Villager (Male) |
| 15:57 | Build | Farm |
| 16:06 | Queue | Skirmisher |
| 16:07 | Queue | Skirmisher |
| 16:36 | Queue | Skirmisher |
| 16:36 | Queue | Skirmisher |
| 16:37 | Queue | Villager (Male) |
| 16:52 | Build | Blacksmith |
| 17:03 | Queue | Villager (Male) |
| 17:06 | Queue | Skirmisher |
| 17:13 | Queue | Villager (Male) |
| 17:23 | Research | Fletching |
| 17:28 | Build | House |
| 17:30 | Build | House |
| 17:32 | Build | House |
| 17:34 | Queue | Skirmisher |
| 17:34 | Queue | Skirmisher |
| 17:36 | Queue | Villager (Male) |
| 17:53 | Build | Lumber Camp |
| 17:55 | Queue | Villager (Male) |
| 18:22 | Queue | Skirmisher |
| 18:22 | Queue | Skirmisher |
| 18:27 | Queue | Skirmisher |
| 18:42 | Build | Farm |
| 19:13 | Build | Farm |
| 19:19 | Build | Market |
| 19:30 | Queue | Villager (Male) |
| 19:30 | Queue | Villager (Male) |
| 19:31 | Build | Farm |
| 19:59 | Build | House |
| 20:03 | Queue | Villager (Male) |
| 20:24 | Build | Farm |
| 20:56 | Build | House |
| 21:05 | Research | Castle Age |
| 21:26 | Build | Palisade Wall |
| 21:28 | Build | Palisade Wall |
| 22:07 | Build | Palisade Wall |
| 22:21 | Queue | Skirmisher |
| 22:21 | Queue | Skirmisher |
| 22:37 | Queue | Skirmisher |
| 22:37 | Queue | Skirmisher |
| 23:06 | Research | Double-Bit Axe |
| 23:11 | Build | Farm |
| 23:45 | Age | Castle Age |
| 23:47 | Queue | Cavalry Archer |
| 23:47 | Queue | Cavalry Archer |
| 23:48 | Research | Bodkin Arrow |
| 23:49 | Queue | Villager (Male) |
| 23:49 | Queue | Villager (Male) |
| 23:55 | Build | Monastery |
| 23:59 | Build | House |
| 24:08 | Queue | Cavalry Archer |
| 24:09 | Queue | Cavalry Archer |
| 24:19 | Queue | Villager (Male) |
| 24:23 | Build | Palisade Wall |
| 24:37 | Queue | Monk |
| 24:37 | Queue | Monk |
| 24:42 | Queue | Villager (Male) |
| 24:46 | Build | Monastery |
| 24:51 | Queue | Cavalry Archer |
| 24:51 | Queue | Cavalry Archer |
| 25:14 | Queue | Monk |
| 25:14 | Queue | Monk |
| 25:32 | Queue | Monk |
| 25:33 | Queue | Monk |
| 25:43 | Build | Farm |
| 25:58 | Queue | Cavalry Archer |
| 25:59 | Queue | Cavalry Archer |
| 25:59 | Queue | Cavalry Archer |
| 26:01 | Queue | Villager (Male) |
| 26:09 | Build | Stable |
| 26:12 | Queue | Monk |
| 26:19 | Queue | Villager (Male) |
| 26:49 | Queue | Villager (Male) |
| 27:01 | Queue | Knight |
Build order — Vmmp11
First 150 of 166 actions detected
| 0:00 | Queue | Villager (Male) |
| 0:00 | Queue | Villager (Male) |
| 0:01 | Queue | Villager (Male) |
| 0:02 | Build | House |
| 0:02 | Build | House |
| 0:10 | Queue | Villager (Male) |
| 0:11 | Queue | Villager (Male) |
| 1:23 | Queue | Villager (Male) |
| 1:23 | Queue | Villager (Male) |
| 1:55 | Queue | Villager (Male) |
| 1:55 | Queue | Villager (Male) |
| 2:10 | Queue | Villager (Male) |
| 2:28 | Build | Lumber Camp |
| 2:57 | Queue | Villager (Male) |
| 2:57 | Queue | Villager (Male) |
| 2:57 | Queue | Villager (Male) |
| 3:36 | Queue | Villager (Male) |
| 3:36 | Queue | Villager (Male) |
| 3:46 | Build | House |
| 4:19 | Queue | Villager (Male) |
| 4:49 | Build | Mill |
| 5:02 | Queue | Villager (Male) |
| 5:02 | Queue | Villager (Male) |
| 5:02 | Queue | Villager (Male) |
| 5:03 | Queue | Villager (Male) |
| 6:10 | Queue | Villager (Male) |
| 6:10 | Research | Loom |
| 6:28 | Build | House |
| 6:56 | Build | Barracks |
| 7:09 | Research | Feudal Age |
| 7:59 | Queue | Militia |
| 7:59 | Queue | Militia |
| 8:06 | Build | Mining Camp |
| 8:46 | Queue | Militia |
| 9:19 | Age | Feudal Age |
| 9:37 | Queue | Villager (Male) |
| 9:51 | Queue | Villager (Male) |
| 9:53 | Build | Archery Range |
| 9:58 | Research | Double-Bit Axe |
| 9:59 | Research | Double-Bit Axe |
| 10:06 | Build | Mill |
| 10:09 | Queue | Villager (Male) |
| 10:41 | Build | House |
| 10:45 | Queue | Villager (Male) |
| 10:51 | Queue | Archer |
| 11:04 | Build | Palisade Gate |
| 11:08 | Queue | Villager (Male) |
| 11:11 | Build | House |
| 11:12 | Build | Palisade Wall |
| 11:20 | Queue | Skirmisher |
| 11:42 | Queue | Skirmisher |
| 11:44 | Queue | Villager (Male) |
| 11:49 | Build | House |
| 11:50 | Queue | Villager (Male) |
| 11:58 | Build | House |
| 12:00 | Build | House |
| 12:07 | Queue | Skirmisher |
| 12:20 | Build | House |
| 12:41 | Queue | Villager (Male) |
| 12:48 | Build | House |
| 12:49 | Build | House |
| 12:54 | Queue | Villager (Male) |
| 12:58 | Build | House |
| 12:59 | Build | Palisade Wall |
| 13:10 | Queue | Archer |
| 13:12 | Queue | Villager (Male) |
| 13:15 | Build | Blacksmith |
| 13:25 | Build | Farm |
| 13:26 | Build | Farm |
| 13:37 | Build | House |
| 13:43 | Queue | Villager (Male) |
| 13:45 | Queue | Archer |
| 13:51 | Build | House |
| 14:03 | Build | House |
| 14:09 | Research | Fletching |
| 14:25 | Queue | Villager (Male) |
| 14:25 | Queue | Villager (Male) |
| 14:29 | Build | House |
| 14:31 | Build | House |
| 14:33 | Build | House |
| 14:47 | Queue | Archer |
| 14:49 | Queue | Villager (Male) |
| 14:51 | Build | Farm |
| 14:53 | Build | Farm |
| 15:11 | Queue | Villager (Male) |
| 15:18 | Build | Farm |
| 15:42 | Build | Mining Camp |
| 15:52 | Queue | Villager (Male) |
| 15:59 | Build | Farm |
| 16:01 | Queue | Villager (Male) |
| 16:06 | Queue | Archer |
| 16:13 | Queue | Villager (Male) |
| 16:17 | Build | Farm |
| 16:20 | Build | Farm |
| 16:26 | Queue | Archer |
| 16:32 | Build | Farm |
| 16:33 | Build | Farm |
| 16:51 | Build | Farm |
| 16:54 | Queue | Archer |
| 17:16 | Queue | Villager (Male) |
| 17:26 | Queue | Villager (Male) |
| 17:27 | Build | Farm |
| 17:28 | Queue | Archer |
| 17:37 | Build | Lumber Camp |
| 17:52 | Queue | Archer |
| 17:59 | Build | Farm |
| 18:11 | Build | Market |
| 18:14 | Queue | Villager (Male) |
| 18:30 | Research | Town Watch |
| 19:11 | Queue | Villager (Male) |
| 19:28 | Research | Castle Age |
| 19:28 | Research | Castle Age |
| 19:36 | Build | Archery Range |
| 19:54 | Build | Mining Camp |
| 20:01 | Build | Barracks |
| 20:04 | Build | Barracks |
| 20:14 | Research | Scale Mail Armor |
| 20:20 | Build | Farm |
| 20:38 | Research | Arson |
| 20:48 | Build | Farm |
| 21:19 | Research | Forging |
| 22:03 | Queue | Villager (Male) |
| 22:16 | Age | Castle Age |
| 22:26 | Queue | Unit 1974 |
| 22:27 | Queue | Unit 1974 |
| 22:27 | Queue | Unit 1974 |
| 22:34 | Queue | Villager (Male) |
| 22:38 | Build | Siege Workshop |
| 22:46 | Research | Bow Saw |
| 22:47 | Research | Bow Saw |
| 22:52 | Research | Squires |
| 22:52 | Research | Squires |
| 22:56 | Queue | Unit 1974 |
| 22:57 | Queue | Unit 1974 |
| 22:57 | Queue | Unit 1974 |
| 23:02 | Queue | Villager (Male) |
| 23:23 | Queue | Mangonel |
| 23:27 | Build | Farm |
| 23:28 | Queue | Villager (Male) |
| 23:45 | Queue | Unit 1974 |
| 23:45 | Queue | Unit 1974 |
| 23:54 | Queue | Villager (Male) |
| 24:13 | Queue | Unit 1974 |
| 24:13 | Queue | Unit 1974 |
| 24:17 | Queue | Villager (Male) |
| 24:42 | Queue | Unit 1974 |
| 24:43 | Queue | Unit 1974 |
| 24:45 | Queue | Villager (Male) |
| 25:03 | Queue | Battering Ram |
| 25:09 | Queue | Villager (Male) |
Match timeline
| 5:43 | Escalus · first_building Barracks |
| 6:56 | Vmmp11 · first_building Barracks |
| 8:41 | Escalus · age_up feudal |
| 8:50 | Escalus · first_building Archery Range |
| 9:19 | Vmmp11 · age_up feudal |
| 9:53 | Vmmp11 · first_building Archery Range |
| 11:12 | Vmmp11 · wall_segment Palisade Wall x6 |
| 12:59 | Vmmp11 · wall_segment Palisade Wall x9 |
| 14:49 | Escalus · wall_segment Palisade Wall x1 |
| 14:49 | Escalus · wall_segment Palisade Wall x1 |
| 14:50 | Escalus · wall_segment Palisade Wall x1 |
| 14:50 | Escalus · wall_segment Palisade Wall x1 |
| 15:44 | Escalus · wall_segment Palisade Wall x5 |
| 15:47 | Escalus · wall_segment Palisade Wall x8 |
| 15:49 | Escalus · wall_segment Palisade Wall x5 |
| 19:17 | Vmmp11 · first_market_sell 100 wood |
| 19:22 | Vmmp11 · first_market_buy 100 food |
| 20:15 | Escalus · first_market_buy 100 food |
| 20:19 | Escalus · first_market_sell 100 wood |
| 21:26 | Escalus · wall_segment Palisade Wall x4 |
| 21:28 | Escalus · wall_segment Palisade Wall x1 |
| 22:07 | Escalus · wall_segment Palisade Wall x7 |
| 22:16 | Vmmp11 · age_up castle |
| 22:38 | Vmmp11 · first_building Siege Workshop |
| 23:45 | Escalus · age_up castle |
| 23:55 | Escalus · first_building Monastery |
| 24:23 | Escalus · wall_segment Palisade Wall x6 |
| 25:52 | Vmmp11 · first_building Castle |
| 26:09 | Escalus · first_building Stable |
| 28:05 | Escalus · resign |
[ AI ANALYSIS · 1 CREDIT ]
What really happened in this match?
Wolo.gg analyzes every decision: build order, eco, micro, common mistakes by bracket. Personalized analysis on WhatsApp or Discord in 30 seconds.
Civ guide
Mongols
Perfil
Escalus